 Dungeon Crawl Stone Soup version 0.22-a0-354-g30dfbe6 (webtiles) character file.

42 Gildeon the Magician (level 3, -1/19 HPs)
             Began as a Deep Elf Conjurer on Apr 16, 2018.
             Slain by a worker ant (2 damage)
             ... on level 2 of the Dungeon.
             The game lasted 00:07:58 (1197 turns).

Gildeon the Magician (Deep Elf Conjurer)            Turns: 1197, Time: 00:07:59

Health: -1/19      AC:  5    Str:  5    XL:     3   Next: 35%
Magic:  3/11       EV: 12    Int: 20    God:
Gold:   58         SH:  0    Dex: 15    Spells: 6/12 levels left

rFire    . . .     SeeInvis .   e - +0 whip
rCold    . . .     Gourm    .   (no shield)
rNeg     . . .     Faith    .   d - +1 leather armour
rPois    .         Spirit   .   f - +0 helmet
rElec    .         Reflect  .   (no cloak)
rCorr    .         Harm     .   (no gloves)
MR       .....                  (no boots)
Stlth    ++........             (no amulet)
HPRegen  0.06/turn              (no ring)
MPRegen  0.12/turn              (no ring)

@: lethally poisoned (-1 -> -17)
A: no striking features
a: no special abilities


You were on level 2 of the Dungeon.
You were not hungry.

You visited 1 branch of the dungeon, and saw 2 of its levels.

You collected 58 gold pieces.

Inventory:

Hand Weapons
 e - a +0 whip (weapon)
Armour
 a - a +0 robe
 d - a +1 leather armour (worn)
 f - a +0 helmet (worn)
Scrolls
 g - a scroll of fear {unknown}
Potions
 b - a potion of brilliance
Comestibles
 c - 6 rations


   Skills:
 - Level 2.4 Dodging
 - Level 2.4 Stealth
 - Level 5.0 Spellcasting
 + Level 4.6 Conjurations


You had 6 spell levels left.
You knew the following spells:

 Your Spells              Type           Power        Failure   Level  Hunger
a - Magic Dart            Conj           ###.         2%          1    None
b - Searing Ray           Conj           ###...       4%          2    None
c - Dazzling Spray        Conj/Hex       ##....       22%         3    ##.....


Dungeon Overview and Level Annotations

Branches:
Dungeon (2/15)

Altars:


Message History

Aim: an adder (severely wounded)
The magic dart hits the adder.
You kill the adder!
You feel sick. The worker ant bites you.
* * * LOW HITPOINT WARNING * * *
You are more poisoned.
The worker ant poisons you!
* * * LOW HITPOINT WARNING * * *
You feel sick. The worker ant closely misses you.
Okay, then.
Casting: Magic Dart (safe; 2% risk of failure)
Confirm with . or Enter, or press ? or * to list all spells.
Aiming: Magic Dart (safe; 2% risk of failure)
Press: ? - help, Shift-Dir - straight line, f - worker ant
Aim: a worker ant (almost dead)
The magic dart hits the worker ant.
The worker ant is almost dead.
* * * LOW HITPOINT WARNING * * *
You feel sick. The worker ant bites you.
You die...

##.. ###
#... ...
#...#####.#
#...#...#
#.....###
#.#...# #
#...#
#a####
#.@..#
#####.##
#.....#
#.#####
####.#
#....#
#.####
#...# ###.#


You could see a worker ant.

Vanquished Creatures
  An adder (D:2)
  A dart slug (D:1)
  4 giant cockroaches (D:1)
  5 goblins (D:1)
  3 hobgoblins (D:1)
  2 jackals (D:1)
  3 bats (D:1)
  A frilled lizard (D:2)
  2 kobolds (D:1)
  6 rats
28 creatures vanquished.

Notes
Turn   | Place    | Note
-------+----------+-------------------------------------------
     0 | D:1      | Gildeon the Deep Elf Conjurer began the quest for the Orb.
     0 | D:1      | Reached XP level 1. HP: 10/10 MP: 6/6
   265 | D:1      | Reached skill level 4 in Spellcasting
   265 | D:1      | Reached XP level 2. HP: 15/15 MP: 6/9
   269 | D:1      | Learned a level 2 spell: Searing Ray
   959 | D:1      | Reached XP level 3. HP: 14/19 MP: 4/11
   975 | D:1      | Reached skill level 5 in Spellcasting
   982 | D:1      | Learned a level 3 spell: Dazzling Spray
  1197 | D:2      | Slain by a worker ant

Vault maps used:
D:1:      evilmike_arrival_crescent, minivault_27
D:2:      first_ration

Skill      XL: |  1  2  3 |
---------------+----------+-----
Spellcasting   | 4 5 |  5.0
Dodging        | |  2.4
Stealth        | |  2.4
Conjurations   | |  4.6

Action                   || total
-------------------------++-------
Melee: Whip              ||     1
 Cast: Magic Dart        ||    65
  Use: Scroll            ||     3
  Eat: Chunk             ||     1
Armor: Leather armour    ||     3
Dodge: Dodged            ||    12

Table legend:
 A = Spawn XP
 B = Non-spawn XP
 C = Spawn XP percentage of total XP
 D = Spawn monster count
 E = Non-spawn monster count
 F = Spawn count percentage of total count
 G = Total turns spent on level
                    A         B        C        D         E        F      G
               +---------+---------+-------+---------+---------+-------+---------
         Total |       0 |      61 |   0.0 |       0 |      28 |   0.0 |  1197
               +---------+---------+-------+---------+---------+-------+---------
           D:1 |       0 |      44 |   0.0 |       0 |      24 |   0.0 |  1073
           D:2 |       0 |      17 |   0.0 |       0 |       4 |   0.0 |   124
               +---------+---------+-------+---------+---------+-------+---------
